 Dungeon Sprint DCSS version bcrawl-1.22 (webtiles) character file.

Game seed: 13691654269075074345

1656 Chiseanne the Covert (level 9, -6/71 HPs)
             Began as an Octopode Archaeologist on May 9, 2020.
             Was an Initiate of Gozag.
             Killed from afar by a gargoyle (18 damage)
             ... with a stone arrow
             ... in the Dungeon (Sprint I: "Red Sonja").
             The game lasted 00:04:20 (935 turns).

Chiseanne the Covert (Octopode Archaeologist)        Turns: 935, Time: 00:04:21

Health: -6/71      AC:  5    Str: 11    XL:     9   Next: 0%
Magic:  9/9        EV: 22    Int: 16    God:    Gozag
Gold:   399        SH:  7    Dex: 13    Spells: 8/8 levels left

rFire    . . .     SeeInvis .   a - +2 dagger (chaos)
rCold    . . .     Gourm    .   o - +2 buckler {AC+3}
rNeg     . . .     Faith    .   b - +1 hat
rPois    .         Spirit   .   (cloak restricted)
rElec    .         Reflect  .   (no amulet)
rCorr    .         Harm     .   d - +2 ring of evasion
MR       .....     NoTele   +   (no ring)
Stlth    +++++++...             (no ring)
HPRegen  0.21/turn              (no ring)
MPRegen  0.11/turn              (no ring)
                                (no ring)
                                (no ring)
                                (no ring)

@: no status effects
A: almost no armour, stealthy swim, amphibious, 8 rings, constrict 8, camouflage
1, gelatinous body 1
a: Potion Petition, Call Merchant, Bribe Branch, Renounce Religion


You were in the Dungeon.
You worshipped Gozag.
Gozag was aware of your devotion.
You were not hungry.

You visited 1 branch You collected 678 gold pieces.
You spent 279 gold pieces at shops.

Inventory:

Hand Weapons
 a - a +2 dagger of chaos (weapon)
 n - a +0 hunting sling
Missiles
 g - 166 stones (quivered)
 j - 137 sling bullets
Armour
 b - a +1 hat (worn)
 o - a +2 buckler of protection (worn)
Jewellery
 d - a +2 ring of evasion (left tentacle)
Wands
 l - a wand of polymorph (11)
Scrolls
 c - a scroll of magic mapping
 h - a scroll of identify {unknown}
Potions
 f - a potion of curing
 i - 2 potions of magic
Comestibles
 e - 2 rations {!d}


   Skills:
 * Level 10.6 Fighting
   Level 1.0 Maces & Flails
 * Level 11.0 Dodging
 * Level 14.9 Stealth
 * Level 6.5 Shields


You had 8 spell levels left.
You didn't know any spells.
Your spell library was empty.

Dungeon Overview and Level Annotations

Branches:
Dungeon (1/1)

Altars:
Cheibriados
Dithmenos
Elyvilon
Fedhas
Gozag
Hepliaklqana
Kikubaaqudgha
Lugonu
Makhleb
Nemelex Xobeh
Okawaru
Qazlal
Ru
Sif Muna
Trog
Uskayaw
Vehumet
Wu Jian
Xom
Yredelemnul
Zin
The Shining One
Jiyva

Shops:
D [


Innate Abilities, Weirdness & Mutations

You cannot wear most types of armour.
You are very stealthy in the water. (Stealth+)
You are amphibious.
You can wear up to eight rings at the same time.
You can use your tentacles to constrict eight enemies at once.
Your skin changes colour to match your surroundings (Stealth+).
Your rubbery body absorbs attacks. (AC +1, EV +1)


Message History

You barely miss something. Something hits you!
You hit something but do no damage. You squeeze something.
A stone arrow appears from out of thin air!
You block the stone arrow.
A stone arrow appears from out of thin air!
The stone arrow hits you!
* * * LOW HITPOINT WARNING * * *
You hit something but do no damage.
A stone arrow appears from out of thin air!
You block the stone arrow.
You closely miss something.
A stone arrow appears from out of thin air!
You block the stone arrow.
A stone arrow appears from out of thin air!
The stone arrow misses you.
You hit something but do no damage.
A stone arrow appears from out of thin air!
The stone arrow hits you!!
You die...
Your body crumbles into a pile of gold.

#####################
.s#__#..+)..#.[#§§§.+
$
s.ss.+..#)..##'#§####
$ #'#__####...'§.#.#
#.####$$#####..{@# $
#.#§≈§.c $$ #'#### $
$$$ _.+§§§ #..○^○# $
$ ._#§≈≈§ $$#.°°°○+
$$$ $ #'# '## ###.9^#
$ #.# $/$ $ ...# $
### ## $ .°## $ $$ $$
..# $$ $ $ #+#$$ $ $


There were no monsters in sight!

Vanquished Creatures
  A lindwurm (D)
  2 kobold demonologists (D)
  A slime creature (D)
  Sigmund (D)
  A yak (D)
  A floating eye (D)
  An ogre (D)
  A jelly (D)
  Ijyb (D)
10 creatures vanquished.

Notes
Turn   | Place    | Note
-------+----------+-------------------------------------------
     0 | D        | Chiseanne the Octopode Archaeologist began the quest for
                  | the Orb.
     0 | D        | Reached XP level 1. HP: 13/13 MP: 1/1
     1 | D        | Noticed Ijyb
     9 | D        | Killed Ijyb
     9 | D        | Reached skill level 6 in Stealth
     9 | D        | Reached XP level 2. HP: 21/21 MP: 2/2
    41 | D        | Noticed an ogre
    47 | D        | Killed an ogre
    47 | D        | Reached skill level 5 in Fighting
    47 | D        | Reached skill level 5 in Dodging
    47 | D        | Reached skill level 8 in Stealth
    47 | D        | Reached XP level 3. HP: 13/29 MP: 3/3
    47 | D        | Reached XP level 4. HP: 15/35 MP: 4/4
    51 | D        | Noticed Sigmund
   229 | D        | Killed Sigmund
   229 | D        | Reached skill level 11 in Stealth
   229 | D        | Reached XP level 5. HP: 24/43 MP: 5/5
   229 | D        | Reached XP level 6. HP: 27/49 MP: 6/6
   229 | D        | Identified a scroll of acquirement
   395 | D        | Found a shimmering blue altar of Sif Muna.
   396 | D        | Found an ornate altar of the Wu Jian Council.
   397 | D        | Found a radiant altar of Vehumet.
   419 | D        | Found Zuqin's Armour Emporium.
   419 | D        | Found an ancient bone altar of Kikubaaqudgha.
   419 | D        | Found a hazy altar of Hepliaklqana.
   419 | D        | Found a hide-covered altar of Uskayaw.
   419 | D        | Found a basalt altar of Yredelemnul.
   419 | D        | Found an opulent altar of Gozag.
   419 | D        | Found a snail-covered altar of Cheibriados.
   419 | D        | Found a sacrificial altar of Ru.
   419 | D        | Found a shadowy altar of Dithmenos.
   419 | D        | Noticed a yak
   420 | D        | Found a stormy altar of Qazlal.
   420 | D        | Found a blossoming altar of Fedhas.
   420 | D        | Found a bloodstained altar of Trog.
   420 | D        | Found an iron altar of Okawaru.
   420 | D        | Found a glowing golden altar of the Shining One.
   420 | D        | Found a glowing silver altar of Zin.
   420 | D        | Found a white marble altar of Elyvilon.
   421 | D        | Killed a yak
   421 | D        | Reached skill level 12 in Stealth
   422 | D        | Found a sparkling altar of Nemelex Xobeh.
   430 | D        | Became a worshipper of Gozag Ym Sagoz the Greedy
   433 | D        | Bought a +2 buckler of protection for 279 gold pieces
   453 | D        | Found a viscous altar of Jiyva.
   453 | D        | Found a corrupted altar of Lugonu.
   453 | D        | Noticed a slime creature
   454 | D        | Found a burning altar of Makhleb.
   454 | D        | Found a shimmering altar of Xom.
   457 | D        | Killed a slime creature
   457 | D        | Reached skill level 13 in Stealth
   457 | D        | Reached XP level 7. HP: 56/56 MP: 7/7
   471 | D        | Noticed a kobold demonologist
   472 | D        | Noticed a kobold demonologist
   474 | D        | Paralysed by a floating eye for 2 turns
   475 | D        | Noticed a chaos spawn
   476 | D        | Noticed an orange demon
   484 | D        | Noticed a sixfirhy
   556 | D        | Noticed a centaur warrior
   568 | D        | Noticed a demonic crawler
   568 | D        | Noticed a demonic crawler
   568 | D        | Noticed a demonic crawler
   568 | D        | Noticed a demonic crawler
   576 | D        | Killed a kobold demonologist
   576 | D        | Reached skill level 10 in Dodging
   576 | D        | Reached XP level 8. HP: 64/64 MP: 8/8
   583 | D        | Killed a kobold demonologist
   583 | D        | Reached skill level 10 in Fighting
   583 | D        | Reached skill level 14 in Stealth
   583 | D        | Reached skill level 5 in Shields
   594 | D        | HP: 1/64 [demonic crawler (7)]
   890 | D        | Noticed a lindwurm
   894 | D        | Killed a lindwurm
   894 | D        | Reached XP level 9. HP: 71/71 MP: 9/9
   908 | D        | Noticed a gargoyle
   935 | D        | Killed from afar by a gargoyle

Skill      XL: |  1  2  3  4  5  6  7  8 |
---------------+-------------------------+-----
Fighting       | 3 5 7 8 9 10 | 10.6
Dodging        | 4 5 7 9 10 11 | 11.0
Stealth        | 6 8 11 13 14 | 14.9
Shields        | 2 4 6 |  6.5
Maces & Flails | |  1.0

Action                   |  1- 3 |  4- 6 |  7- 9 || total
-------------------------+-------+-------+-------++-------
Melee: Whip              |     5 |       |       ||     5
       Constrict         |     1 |     1 |     5 ||     7
       Dagger            |     4 |     9 |    41 ||    54
       Tentacles         |       |     1 |    10 ||    11
Evoke: Wand              |       |       |     1 ||     1
  Use: Potion            |     1 |     1 |     2 ||     4
       Scroll            |       |     1 |     1 ||     2
 Stab: Sleeping          |     2 |     4 |     1 ||     7
       Paralysed         |       |     1 |       ||     1
Armor: Skin              |       |       |     7 ||     7
Dodge: Dodged            |     3 |     1 |    64 ||    68
Block: Buckler           |       |       |    25 ||    25
